[Event "55th Rubinstein Memorial-A 2019"]
[Site "Polanica-Zdroj"]
[Date "2019.08.17"]
[Round "1.12"]
[White "Antoniewicz, Jakub"]
[Black "Kucza, Karol"]
[Result "0-1"]
[ECO "D00"]
[WhiteElo "1837"]
[BlackElo "2296"]
[Annotator "ChessBase"]
[PlyCount "72"]
[EventDate "2019.08.17"]
[EventType "swiss"]
[EventCountry "POL"]
[SourceTitle "playchess.com"]
[Source "ChessBase"]
[SourceQuality "1"]
[TimeControl "40/5400+30:1800+30"]

1. d4 d5 2. g3 Nf6 3. Bg2 c5 4. Nf3 cxd4 5. O-O g6 6. Nxd4 Bg7 7. c4 dxc4 8. Qa4+ Nbd7 9. Rd1 O-O 10. Qxc4 Qb6 11. Nc3 a6 12. h3 Re8 13. Nb3 Ne5 14. Qc5 Qxc5 15. Nxc5 Rb8 16. f4 Nc4 17. e4 b6 18. Nd3 Nd7 19. e5 Bb7 20. b3 Na5 21. Be3 f6 22. Nb4 Nc5 23. Ncd5 fxe5 24. Nxb6 Bxg2 25. Bxc5 Bxh3 26. Nxa6 Rb7 27. Rac1 exf4 28. gxf4 e5 29. Bf2 Re6 30. Rd8+ Kf7 31. Rd5 Nc6 32. Nd7 Ne7 33. Nac5 Nxd5 34. Nxb7 Nxf4 35. Nd8+ Ke7 36. Rc7 Kxd8 0-1

[Event "55th Rubinstein Memorial-A 2019"]
[Site "Polanica-Zdroj"]
[Date "2019.08.17"]
[Round "1.14"]
[White "Bojczewski, Mateusz"]
[Black "Marszalek, Maciej"]
[Result "0-1"]
[ECO "B41"]
[WhiteElo "1836"]
[BlackElo "2295"]
[Annotator "ChessBase"]
[PlyCount "74"]
[EventDate "2019.08.17"]
[EventType "swiss"]
[EventCountry "POL"]
[SourceTitle "playchess.com"]
[Source "ChessBase"]
[SourceQuality "1"]
[TimeControl "40/5400+30:1800+30"]

1. e4 c5 2. Nf3 e6 3. d4 cxd4 4. Nxd4 a6 5. c4 Qc7 6. Nc3 Nf6 7. a3 b6 8. Be3 Bb7 9. f3 Be7 10. Rc1 O-O 11. Be2 d6 12. O-O Nbd7 13. b4 Rac8 14. Qb3 Qb8 15. Rfd1 Bd8 16. g3 Bc7 17. Bf1 Kh8 18. Bg2 Rg8 19. Rc2 g5 20. Bc1 Rg6 21. Bb2 Kg8 22. Nde2 Qa8 23. Rcd2 Ne5 24. Nb1 b5 25. cxb5 axb5 26. Bxe5 dxe5 27. Nbc3 Bc6 28. Ra2 g4 29. a4 Qa7+ 30. Kh1 gxf3 31. Bxf3 Qe3 32. Rf1 Nxe4 33. Kg2 Nd2 34. Rxd2 Bxf3+ 35. Rxf3 Qxd2 36. axb5 Bb6 37. Rf1 Rxc3 0-1

[Event "55th Rubinstein Memorial-A 2019"]
[Site "Polanica-Zdroj"]
[Date "2019.08.17"]
[Round "1.15"]
[White "Siekanski, Janusz"]
[Black "Raclawicki, Kacper"]
[Result "1/2-1/2"]
[ECO "E97"]
[WhiteElo "2263"]
[BlackElo "1835"]
[Annotator "ChessBase"]
[PlyCount "96"]
[EventDate "2019.08.17"]
[EventType "swiss"]
[EventCountry "POL"]
[SourceTitle "playchess.com"]
[Source "ChessBase"]
[SourceQuality "1"]
[TimeControl "40/5400+30:1800+30"]

1. d4 Nf6 2. c4 g6 3. Nc3 Bg7 4. e4 d6 5. Nf3 O-O 6. Be2 e5 7. O-O Nc6 8. d5 Ne7 9. Nd2 Nd7 10. b4 f5 11. c5 dxc5 12. bxc5 Nxc5 13. Ba3 Nxe4 14. Ndxe4 fxe4 15. Bc4 Kh8 16. Nxe4 Rf4 17. d6 Nf5 18. dxc7 Qxc7 19. Qd5 Be6 20. Qxe6 Rxe4 21. Bd3 Ra4 22. Rac1 Qd8 23. Bxf5 Rxa3 24. Be4 Qe8 25. Qc4 Ra4 26. Qc2 Rb4 27. Rfd1 Qe7 28. Rd5 Rf8 29. g3 b6 30. h4 Rd4 31. Rxd4 exd4 32. Qd3 Qf7 33. Rc2 Re8 34. Kg2 Be5 35. Rc6 Rf8 36. f4 Bg7 37. a4 Qa2+ 38. Qc2 Qxc2+ 39. Rxc2 Rd8 40. Kf2 Bf8 41. Ke2 Bc5 42. Kd3 Re8 43. Rh2 Kg7 44. h5 a6 45. hxg6 hxg6 46. Rh4 Re6 47. Rg4 Kh6 48. Rh4+ Kg7 1/2-1/2

[Event "55th Rubinstein Memorial-A 2019"]
[Site "Polanica-Zdroj"]
[Date "2019.08.17"]
[Round "1.16"]
[White "Kwasny, Leszek"]
[Black "Lapaj, Mateusz"]
[Result "0-1"]
[ECO "E97"]
[WhiteElo "1832"]
[BlackElo "2233"]
[Annotator "ChessBase"]
[PlyCount "50"]
[EventDate "2019.08.17"]
[EventType "swiss"]
[EventCountry "POL"]
[SourceTitle "playchess.com"]
[Source "ChessBase"]
[SourceQuality "1"]
[TimeControl "40/5400+30:1800+30"]

1. Nf3 Nf6 2. c4 g6 3. d4 Bg7 4. Nc3 O-O 5. e4 d6 6. Be2 e5 7. O-O Nc6 8. h3 exd4 9. Nxd4 Nxe4 10. Nxc6 Nxc3 11. bxc3 bxc6 12. Bf3 Bd7 13. Qa4 Bxc3 14. Rb1 Bd4 15. Rd1 Qh4 16. Rf1 Bf5 17. Rb2 Bd3 18. Rd2 Bxf1 19. Kxf1 Rab8 20. Qc2 Rb6 21. Re2 Rfb8 22. Re4 Qf6 23. Bh6 Rb1+ 24. Re1 R1b2 25. Qxb2 Bxb2 0-1

[Event "55th Rubinstein Memorial-A 2019"]
[Site "Polanica-Zdroj"]
[Date "2019.08.17"]
[Round "1.17"]
[White "Jaroch, Karol"]
[Black "Jedynak, January"]
[Result "1/2-1/2"]
[ECO "A11"]
[WhiteElo "2231"]
[BlackElo "1822"]
[Annotator "ChessBase"]
[PlyCount "112"]
[EventDate "2019.08.17"]
[EventType "swiss"]
[EventCountry "POL"]
[SourceTitle "playchess.com"]
[Source "ChessBase"]
[SourceQuality "1"]
[TimeControl "40/5400+30:1800+30"]

1. c4 c6 2. Nf3 d5 3. e3 Nf6 4. b3 Bg4 5. Bb2 e6 6. Be2 Bd6 7. h3 Bh5 8. d3 Nbd7 9. Nbd2 Qe7 10. Qc2 O-O 11. g4 Bg6 12. h4 h5 13. gxh5 Bxh5 14. Rg1 e5 15. Rg5 Bg6 16. O-O-O a5 17. Rh1 a4 18. h5 axb3 19. axb3 Bh7 20. Rhg1 Ne8 21. Kb1 b5 22. c5 Bxc5 23. Nxe5 f6 24. Nxd7 Qxd7 25. Rxg7+ Nxg7 26. h6 Be7 27. Rxg7+ Kh8 28. Nf3 Rg8 29. Rxe7 Qxe7 30. Qxc6 Rgf8 31. Nd4 Qb4 32. Bc3 Qa3 33. Qxd5 b4 34. Bb2 Qa2+ 35. Kc1 Rac8+ 36. Nc6 Qa6 37. Bf3 Rxc6+ 38. Qxc6 Qxc6+ 39. Bxc6 Rc8 40. Bxf6+ Kg8 41. Be7 Rxc6+ 42. Kd2 Rc3 43. e4 Rxb3 44. Kc2 Ra3 45. Bxb4 Ra2+ 46. Kb3 Rxf2 47. Bc3 Kf7 48. Bg7 Ke6 49. Kc3 Rh2 50. Kd4 Rh3 51. Kc4 Kd6 52. Kd4 Bg8 53. Bf8+ Ke6 54. Bg7 Bh7 55. Kc4 Kd6 56. Kd4 Ke6 1/2-1/2

[Event "55th Rubinstein Memorial-A 2019"]
[Site "Polanica-Zdroj"]
[Date "2019.08.17"]
[Round "1.18"]
[White "Twardowski, Hubert"]
[Black "Jaskolka, Tomasz"]
[Result "0-1"]
[ECO "C06"]
[WhiteElo "1822"]
[BlackElo "2227"]
[Annotator "ChessBase"]
[PlyCount "84"]
[EventDate "2019.08.17"]
[EventType "swiss"]
[EventCountry "POL"]
[SourceTitle "playchess.com"]
[Source "ChessBase"]
[SourceQuality "1"]
[TimeControl "40/5400+30:1800+30"]

1. e4 e6 2. d4 d5 3. Nd2 Nf6 4. e5 Nfd7 5. Bd3 c5 6. c3 Nc6 7. Ne2 cxd4 8. cxd4 f6 9. exf6 Nxf6 10. Nf3 Bd6 11. O-O Qc7 12. Nc3 a6 13. h3 O-O 14. Be3 h6 15. Rc1 Nh5 16. Nh4 Nf4 17. Bb1 Qf7 18. g3 e5 19. Bxf4 exf4 20. g4 g5 21. Nf5 Bxf5 22. Bxf5 Rae8 23. Qd3 Ne7 24. Rce1 Nxf5 25. Qxf5 Qxf5 26. gxf5 Rxe1 27. Rxe1 Rxf5 28. Re6 Bf8 29. Rb6 Rf7 30. f3 Bg7 31. Rb4 Rc7 32. Kf1 Rc4 33. Rxb7 Rxd4 34. Rb6 Rd3 35. Rxa6 Rxf3+ 36. Kg2 Rg3+ 37. Kh2 d4 38. Ne4 Re3 39. Nf6+ Kf7 40. Nh5 Be5 41. b4 d3 42. Ra8 d2 0-1

[Event "55th Rubinstein Memorial-A 2019"]
[Site "Polanica-Zdroj"]
[Date "2019.08.17"]
[Round "1.19"]
[White "Lukasiewicz, Krzysztof"]
[Black "Jeda, Maciej"]
[Result "1-0"]
[ECO "B70"]
[WhiteElo "2185"]
[BlackElo "1815"]
[Annotator "ChessBase"]
[PlyCount "77"]
[EventDate "2019.08.17"]
[EventType "swiss"]
[EventCountry "POL"]
[SourceTitle "playchess.com"]
[Source "ChessBase"]
[SourceQuality "1"]
[TimeControl "40/5400+30:1800+30"]

1. e4 c5 2. Nf3 d6 3. d4 cxd4 4. Nxd4 Nf6 5. Nc3 g6 6. Bc4 Bg7 7. O-O O-O 8. Bb3 Nc6 9. Re1 Bd7 10. Nf3 Rc8 11. h3 Qa5 12. Bf4 Rfd8 13. Nd5 Nxd5 14. exd5 Nb8 15. c3 Re8 16. Bg5 Kf8 17. Qe2 e5 18. dxe6 Bxe6 19. Qd2 Bxb3 20. Qxd6+ Kg8 21. axb3 Qf5 22. Qb4 b6 23. Rxe8+ Rxe8 24. Qa4 b5 25. Qxa7 Nc6 26. Qb7 Ne5 27. Ra8 Nxf3+ 28. Qxf3 Qb1+ 29. Kh2 Be5+ 30. g3 Bxg3+ 31. Kg2 Rb8 32. Kxg3 Qg1+ 33. Kh4 Rxa8 34. Qxa8+ Kg7 35. Bh6+ Kf6 36. Qc6+ Ke5 37. Bg7+ Kf4 38. Qf6+ Ke4 39. Qd4+ 1-0

[Event "55th Rubinstein Memorial-A 2019"]
[Site "Polanica-Zdroj"]
[Date "2019.08.17"]
[Round "1.20"]
[White "Gromczak, Dariusz"]
[Black "Niedbala, Bartlomiej"]
[Result "0-1"]
[ECO "B06"]
[WhiteElo "1812"]
[BlackElo "2169"]
[Annotator "ChessBase"]
[PlyCount "68"]
[EventDate "2019.08.17"]
[EventType "swiss"]
[EventCountry "POL"]
[SourceTitle "playchess.com"]
[Source "ChessBase"]
[SourceQuality "1"]
[TimeControl "40/5400+30:1800+30"]

1. e4 g6 2. d4 Bg7 3. Nc3 d6 4. Be3 a6 5. Bc4 b5 6. Bb3 Bb7 7. Nf3 e6 8. Qd2 b4 9. Ne2 Bxe4 10. Qxb4 Ne7 11. Ng5 Bxg2 12. Rg1 a5 13. Qd2 Bd5 14. Nf4 a4 15. c4 axb3 16. cxd5 Nxd5 17. Nxd5 exd5 18. a3 Nc6 19. Qd3 Na5 20. Bd2 Nc4 21. Qxb3 O-O 22. O-O-O h6 23. Nf3 Rb8 24. Bb4 c5 25. dxc5 dxc5 26. Qxc4 dxc4 27. Rxd8 Rfxd8 28. Bxc5 Bxb2+ 29. Kc2 Bxa3 30. Bxa3 Rd3 31. Bc5 Rxf3 32. Be3 Re8 33. Kd2 Rh3 34. Rc1 Re4 0-1

[Event "55th Rubinstein Memorial-A 2019"]
[Site "Polanica-Zdroj"]
[Date "2019.08.17"]
[Round "1.22"]
[White "Borowski, Przemyslaw"]
[Black "Vanduyfhuys, Daria"]
[Result "0-1"]
[ECO "D31"]
[WhiteElo "1805"]
[BlackElo "2160"]
[Annotator "ChessBase"]
[PlyCount "58"]
[EventDate "2019.08.17"]
[EventType "swiss"]
[EventCountry "POL"]
[SourceTitle "playchess.com"]
[Source "ChessBase"]
[SourceQuality "1"]
[TimeControl "40/5400+30:1800+30"]

1. c4 e6 2. d4 d5 3. Nc3 Be7 4. Bf4 Nf6 5. e3 O-O 6. c5 b6 7. b4 a5 8. a3 Bd7 9. Nf3 Ne4 10. Nxe4 dxe4 11. Nd2 axb4 12. axb4 Rxa1 13. Qxa1 Nc6 14. Qc3 e5 15. dxe5 bxc5 16. bxc5 Be6 17. Nxe4 Qd5 18. Bd3 Rd8 19. Ke2 Bf5 20. f3 Qa2+ 21. Qc2 Qa3 22. Nf6+ Bxf6 23. Bxf5 Nb4 24. Qb1 Nd5 25. Qc2 Bxe5 26. Rd1 Bxf4 27. exf4 g6 28. Bd3 Nc3+ 29. Kd2 Nxd1 0-1

[Event "55th Rubinstein Memorial-A 2019"]
[Site "Polanica-Zdroj"]
[Date "2019.08.17"]
[Round "1.23"]
[White "Walkusz, Witoslaw"]
[Black "Goraj, Barbara"]
[Result "0-1"]
[ECO "B10"]
[WhiteElo "2138"]
[BlackElo "1800"]
[Annotator "ChessBase"]
[PlyCount "86"]
[EventDate "2019.08.17"]
[EventType "swiss"]
[EventCountry "POL"]
[SourceTitle "playchess.com"]
[Source "ChessBase"]
[SourceQuality "1"]
[TimeControl "40/5400+30:1800+30"]

1. e4 c6 2. d3 d5 3. Nd2 g6 4. Ngf3 Bg7 5. Be2 Nd7 6. O-O Qc7 7. Re1 Ngf6 8. Bf1 dxe4 9. dxe4 Nc5 10. c3 O-O 11. Qc2 a5 12. a4 Rd8 13. h3 b6 14. Ra3 Ba6 15. Bxa6 Rxa6 16. c4 e5 17. Nb3 Ncxe4 18. Rxe4 Nxe4 19. Qxe4 Rd1+ 20. Ne1 Bf8 21. Ra1 Bb4 22. Bg5 Rxa1 23. Nxa1 Kg7 24. Nac2 f6 25. Bc1 Be7 26. Nd3 Ra8 27. f4 exf4 28. Nd4 Qd7 29. Nxf4 Bc5 30. Be3 Re8 31. Nde6+ Kf7 32. Nxc5 Qd1+ 33. Kf2 Rxe4 34. Nxe4 Qc2+ 35. Kf3 Qxb2 36. Nd6+ Kg8 37. Nc8 b5 38. axb5 cxb5 39. c5 Qc2 40. Na7 b4 41. c6 b3 42. Bb6 b2 43. c7 Qc3+ 0-1

[Event "55th Rubinstein Memorial-A 2019"]
[Site "Polanica-Zdroj"]
[Date "2019.08.17"]
[Round "1.24"]
[White "Kukorowski, Jan"]
[Black "Wisniewski, Michal"]
[Result "0-1"]
[ECO "B03"]
[WhiteElo "1796"]
[BlackElo "2130"]
[Annotator "ChessBase"]
[PlyCount "108"]
[EventDate "2019.08.17"]
[EventType "swiss"]
[EventCountry "POL"]
[SourceTitle "playchess.com"]
[Source "ChessBase"]
[SourceQuality "1"]
[TimeControl "40/5400+30:1800+30"]

1. e4 Nf6 2. e5 Nd5 3. d4 d6 4. c4 Nb6 5. exd6 cxd6 6. Nc3 g6 7. Nf3 Bg7 8. Be3 O-O 9. Be2 Nc6 10. O-O Bg4 11. b3 d5 12. c5 Nc8 13. b4 a6 14. h3 Bxf3 15. Bxf3 e6 16. Rb1 N8e7 17. Na4 Nf5 18. Nb6 Ra7 19. Bg4 Ncxd4 20. Bf4 h5 21. Bxf5 Nxf5 22. a4 Re8 23. Qd3 a5 24. b5 Bd4 25. Bd6 e5 26. Nxd5 Nxd6 27. cxd6 Qxd6 28. b6 Qxd5 29. bxa7 Bxf2+ 30. Rxf2 Qxd3 31. Rxb7 Qd5 32. Rb8 Rf8 33. a8=Q Qxa8 34. Rxa8 Rxa8 35. Rc2 Kg7 36. Kf2 Kf6 37. Ke3 Ke6 38. Rc5 Kf5 39. Rb5 f6 40. Rc5 g5 41. Rb5 g4 42. hxg4+ hxg4 43. Rc5 Rb8 44. Rxa5 Rb2 45. g3 Rg2 46. Rb5 Rxg3+ 47. Ke2 Ra3 48. a5 Kf4 49. Rb6 f5 50. a6 Ra2+ 51. Kf1 e4 52. Rf6 g3 53. Re6 Kf3 54. Ke1 g2 0-1

[Event "55th Rubinstein Memorial-A 2019"]
[Site "Polanica-Zdroj"]
[Date "2019.08.17"]
[Round "1.25"]
[White "Luba, Lukasz"]
[Black "Michalska, Aleksandra"]
[Result "1-0"]
[ECO "D05"]
[WhiteElo "2130"]
[BlackElo "1792"]
[Annotator "ChessBase"]
[PlyCount "79"]
[EventDate "2019.08.17"]
[EventType "swiss"]
[EventCountry "POL"]
[SourceTitle "playchess.com"]
[Source "ChessBase"]
[SourceQuality "1"]
[TimeControl "40/5400+30:1800+30"]

1. d4 d5 2. e3 Nf6 3. Bd3 e6 4. Nd2 c5 5. c3 Nc6 6. f4 Bd6 7. Qf3 h5 8. Ne2 a6 9. b3 Rb8 10. Bb2 b5 11. a3 Bb7 12. b4 c4 13. Bc2 Qe7 14. O-O h4 15. a4 Kd7 16. Ra2 Qd8 17. Bc1 Qc7 18. Kh1 Bxb4 19. cxb4 Nxb4 20. Rb2 Nxc2 21. axb5 Na1 22. bxa6 Bc6 23. Ra2 Nb3 24. Nc3 Rb6 25. Qh3 Ra8 26. Nf3 Rbxa6 27. Ne5+ Ke7 28. Rxa6 Rxa6 29. Qxh4 Ra1 30. g4 Be8 31. f5 Qa5 32. g5 exf5 33. gxf6+ gxf6 34. Rxf5 Rxc1+ 35. Kg2 Rc2+ 36. Kg3 Kd6 37. Nxc4+ dxc4 38. Rxa5 Nxa5 39. Qxf6+ Kc7 40. Qf5 1-0

[Event "55th Rubinstein Memorial-A 2019"]
[Site "Polanica-Zdroj"]
[Date "2019.08.17"]
[Round "1.26"]
[White "Wysocki, Mateusz"]
[Black "Praczukowski, Stanislaw"]
[Result "1/2-1/2"]
[ECO "B53"]
[WhiteElo "1786"]
[BlackElo "2126"]
[Annotator "ChessBase"]
[PlyCount "76"]
[EventDate "2019.08.17"]
[EventType "swiss"]
[EventCountry "POL"]
[SourceTitle "playchess.com"]
[Source "ChessBase"]
[SourceQuality "1"]
[TimeControl "40/5400+30:1800+30"]

1. e4 c5 2. Nf3 d6 3. d4 cxd4 4. Qxd4 a6 5. c4 Nc6 6. Qe3 Bg4 7. Be2 Nf6 8. O-O g6 9. Nc3 Bg7 10. Bd2 O-O 11. Rac1 Nd7 12. b3 Bxf3 13. Bxf3 Nd4 14. Ne2 Nxf3+ 15. Qxf3 b5 16. cxb5 axb5 17. Rc2 Qb6 18. Qe3 Qb7 19. Rfc1 Rfc8 20. Rxc8+ Rxc8 21. Rxc8+ Qxc8 22. Bc3 Ne5 23. f3 Qa6 24. Qd2 h5 25. Bd4 Qa3 26. Kf1 b4 27. h3 Qa6 28. Kg1 Nd3 29. Bxg7 Kxg7 30. Nd4 Nc5 31. Kh2 Qf1 32. Nc6 Nd3 33. Nxe7 h4 34. Nf5+ gxf5 35. Qg5+ Kf8 36. Qd8+ Kg7 37. Qg5+ Kf8 38. Qd8+ Kg7 1/2-1/2

[Event "55th Rubinstein Memorial-A 2019"]
[Site "Polanica-Zdroj"]
[Date "2019.08.17"]
[Round "1.27"]
[White "Slomczewski, Michal"]
[Black "Kokurewicz, Konrad"]
[Result "1-0"]
[ECO "A06"]
[WhiteElo "2115"]
[BlackElo "1781"]
[Annotator "ChessBase"]
[PlyCount "43"]
[EventDate "2019.08.17"]
[EventType "swiss"]
[EventCountry "POL"]
[SourceTitle "playchess.com"]
[Source "ChessBase"]
[SourceQuality "1"]
[TimeControl "40/5400+30:1800+30"]

1. Nf3 d5 2. c4 Nf6 3. cxd5 Nxd5 4. e4 Nf6 5. Nc3 c5 6. Bc4 e6 7. d4 cxd4 8. Nxd4 Qc7 9. Qe2 Bb4 10. O-O Bxc3 11. bxc3 O-O 12. Nb5 Qc6 13. Ba3 Nxe4 14. Bxf8 Kxf8 15. Nd4 Qc5 16. Qxe4 Qxc4 17. Qxh7 b6 18. Rfe1 Bd7 19. Qh8+ Ke7 20. Nf5+ Kf6 21. Qxg7+ Kxf5 22. Re5+ 1-0

[Event "55th Rubinstein Memorial-A 2019"]
[Site "Polanica-Zdroj"]
[Date "2019.08.18"]
[Round "2.1"]
[White "Czarniecka, Aleksandra"]
[Black "Warakomski, Tomasz"]
[Result "0-1"]
[ECO "B59"]
[WhiteElo "2042"]
[BlackElo "2497"]
[Annotator "ChessBase"]
[PlyCount "80"]
[EventDate "2019.08.17"]
[EventType "swiss"]
[EventCountry "POL"]
[SourceTitle "playchess.com"]
[Source "ChessBase"]
[SourceQuality "1"]
[TimeControl "40/5400+30:1800+30"]

1. e4 c5 2. Nf3 Nc6 3. d4 cxd4 4. Nxd4 Nf6 5. Nc3 d6 6. Be2 e5 7. Nb3 Be7 8. O-O O-O 9. f4 a5 10. a4 Nb4 11. Kh1 b6 12. fxe5 dxe5 13. Bg5 Be6 14. Bxf6 Bxf6 15. Nb5 Qxd1 16. Bxd1 Rad8 17. c3 Nd3 18. Rb1 Rd7 19. Bc2 Rfd8 20. h3 Bg5 21. Kh2 h5 22. Rf3 h4 23. Kg1 Be7 24. Kh2 Nf4 25. N3d4 exd4 26. Rxf4 dxc3 27. bxc3 Bf6 28. Rff1 Rd2 29. Bb3 Be5+ 30. Kg1 Bxb3 31. Rxb3 Rc2 32. Na3 Rxc3 33. Rxc3 Bxc3 34. Nb5 Bd4+ 35. Kh1 Be5 36. Rc1 Rd3 37. Kg1 Re3 38. Kf2 Rxe4 39. Rc6 Rxa4 40. Rxb6 Rb4 0-1

[Event "55th Rubinstein Memorial-A 2019"]
[Site "Polanica-Zdroj"]
[Date "2019.08.18"]
[Round "2.2"]
[White "Shishkin, Vadim"]
[Black "Rosicki, Marcin"]
[Result "1-0"]
[ECO "E73"]
[WhiteElo "2445"]
[BlackElo "2042"]
[Annotator "NA"]
[PlyCount "59"]
[EventDate "2019.08.17"]
[EventType "swiss"]
[EventCountry "POL"]
[SourceTitle "playchess.com"]
[Source "ChessBase"]
[SourceQuality "1"]
[TimeControl "40/5400+30:1800+30"]

1. d4 Nf6 2. c4 g6 3. Nc3 Bg7 4. e4 d6 5. Be2 O-O 6. Be3 e5 7. d5 Nbd7 8. g4 Nc5 9. f3 a5 10. h4 h5 11. g5 Ne8 12. Nh3 Bd7 13. b3 c6 14. Qd2 Na6 15. Kf2 c5 16. Kg2 Rb8 17. a3 $14 Qc7 18. Nf2 Bh8 19. Rab1 Ra8 20. Nd3 Rc8 21. Qe1 b6 22. Rf1 Qd8 23. f4 f5 24. gxf6 Bxf6 25. fxe5 dxe5 26. Qg3 Qe7 27. Bg5 Nd6 28. Bxf6 Rxf6 29. Rxf6 Qxf6 30. Rf1 1-0

[Event "55th Rubinstein Memorial-A 2019"]
[Site "Polanica-Zdroj"]
[Date "2019.08.18"]
[Round "2.3"]
[White "Wnek, Filip"]
[Black "Cukrowski, Filip"]
[Result "0-1"]
[ECO "B90"]
[WhiteElo "2021"]
[BlackElo "2424"]
[Annotator "NA"]
[PlyCount "56"]
[EventDate "2019.08.17"]
[EventType "swiss"]
[EventCountry "POL"]
[SourceTitle "playchess.com"]
[Source "ChessBase"]
[SourceQuality "1"]
[TimeControl "40/5400+30:1800+30"]

1. e4 c5 2. Nf3 d6 3. d4 cxd4 4. Nxd4 Nf6 5. Nc3 a6 6. f3 e5 7. Nb3 Be7 8. Be3 O-O 9. Qd2 Be6 10. O-O-O a5 11. a4 Nc6 12. g4 Nb4 13. g5 Ne8 14. h4 Rc8 15. Kb1 f5 16. Qf2 Bxb3 (16... fxe4 $11 {keeps the balance.} 17. Bb6 Nc7) 17. cxb3 Qd7 $18 18. Bc5 Nc7 19. Bc4+ Kh8 20. Nb5 Nxb5 21. Bxb5 Nc6 22. Qd2 fxe4 23. fxe4 Qg4 24. Be3 Nb4 25. Bd3 Qe6 26. Rc1 Qxb3 27. Rc3 Qa2+ 28. Kc1 Qa1+ 0-1

[Event "55th Rubinstein Memorial-A 2019"]
[Site "Polanica-Zdroj"]
[Date "2019.08.18"]
[Round "2.4"]
[White "Majek, Kacper"]
[Black "Mikhaletz, Lubomir"]
[Result "1-0"]
[ECO "B00"]
[WhiteElo "1984"]
[BlackElo "2412"]
[Annotator "NA"]
[PlyCount "118"]
[EventDate "2019.08.17"]
[EventType "swiss"]
[EventCountry "POL"]
[SourceTitle "playchess.com"]
[Source "ChessBase"]
[SourceQuality "1"]
[TimeControl "40/5400+30:1800+30"]

1. e4 Nc6 2. d4 d5 3. e5 f6 4. Nf3 Bg4 5. Be2 Bxf3 6. Bxf3 fxe5 7. dxe5 e6 8. O-O Nge7 9. c4 dxc4 10. Qa4 Qd4 11. Rd1 Qxe5 12. Na3 Rd8 13. Be3 Qf5 14. Nb5 Kf7 15. Nxc7 Nd5 16. Nxd5 exd5 17. Qb5 {[%emt 0:00:11] Double Attack} Nb4 $18 18. Qxb7+ Qd7 19. Qxa7 Qxa7 20. Bxa7 Be7 21. Bd4 Bf6 22. Bxf6 Kxf6 23. a3 Nd3 24. b3 Ke5 25. Ra2 Kd4 26. Be2 Rb8 27. b4 Ra8 28. a4 Rhe8 29. Bxd3 cxd3 30. Ra3 Kc4 31. Raxd3 Re1+ 32. Rxe1 Kxd3 33. Ra1 Kc3 34. b5 Kb2 35. Rd1 Rxa4 36. Kf1 d4 37. Rd3 Rb4 38. Ke2 Rxb5 39. Rxd4 Kc3 40. Rd7 Rg5 41. g3 Kc4 42. Ke3 Kc5 43. f4 Kc6 44. Ra7 Rh5 45. Rxg7 Rxh2 46. Rg4 Ra2 47. Ke4 Ra7 48. Ke5 Re7+ 49. Kf6 Kd6 50. Rg7 Re3 51. g4 Rh3 52. g5 Rh4 53. f5 Rh1 54. Kf7 Ke5 55. f6 h6 56. gxh6 Rxh6 57. Rg6 Rh8 58. Kg7 Kf5 59. f7 Ke5 1-0

[Event "55th Rubinstein Memorial-A 2019"]
[Site "Polanica-Zdroj"]
[Date "2019.08.18"]
[Round "2.5"]
[White "Rosol, Alexander"]
[Black "Oglaza, Oskar"]
[Result "0-1"]
[ECO "B48"]
[WhiteElo "1968"]
[BlackElo "2367"]
[Annotator "NA"]
[PlyCount "56"]
[EventDate "2019.08.17"]
[EventType "swiss"]
[EventCountry "POL"]
[SourceTitle "playchess.com"]
[Source "ChessBase"]
[SourceQuality "1"]
[TimeControl "40/5400+30:1800+30"]

1. e4 c5 2. Nf3 e6 3. d4 cxd4 4. Nxd4 Nc6 5. Be3 Qc7 6. Nc3 a6 7. Qf3 {[%emt 0:05:00] B48: Sicilian: Taimanov: 5 Nc3 Qc7 6 Be3 a6 without Be2} Bd6 8. O-O-O Be5 9. Nxc6 bxc6 10. Bd4 Nf6 11. Bxe5 Qxe5 12. Qe2 $146 ({Predecessor:} 12. Qg3 Qxg3 13. hxg3 d5 14. Be2 h6 {½-½ (44) Shirov,A (2715)-Svidler,P (2727) Skopje 2015}) 12... O-O 13. g3 Rb8 14. f4 Qa5 15. g4 d5 16. e5 Nd7 17. Rd3 Qb4 18. Qf2 Qxb2+ 19. Kd1 f6 20. Rh3 fxe5 21. Qh4 Rxf4 22. Qxh7+ Kf7 $19 23. g5 Qb4 24. g6+ Kf6 25. Qg8 Qf8 26. Qh7 Ke7 27. Bg2 Nf6 28. Qh8 Bd7 0-1

[Event "55th Rubinstein Memorial-A 2019"]
[Site "Polanica-Zdroj"]
[Date "2019.08.18"]
[Round "2.6"]
[White "Grabarczyk, Miroslaw"]
[Black "Betkowski, Andrzej"]
[Result "1-0"]
[ECO "A88"]
[WhiteElo "2362"]
[BlackElo "2023"]
[Annotator "NA"]
[PlyCount "123"]
[EventDate "2019.08.17"]
[EventType "swiss"]
[EventCountry "POL"]
[SourceTitle "playchess.com"]
[Source "ChessBase"]
[SourceQuality "1"]
[TimeControl "40/5400+30:1800+30"]

1. d4 g6 2. Nf3 Bg7 3. g3 d6 4. Bg2 f5 5. O-O Nf6 6. c4 O-O 7. Nc3 c6 8. Qc2 Na6 9. a3 Qe8 10. e4 fxe4 11. Nxe4 Bf5 12. Nxf6+ exf6 13. Qb3 Qd7 14. Re1 Rfe8 15. Bf4 Be6 $14 16. d5 cxd5 17. cxd5 Bf7 18. Nd4 g5 19. Be3 Nc5 20. Qb5 a6 21. Qxd7 Nxd7 22. Rac1 Ne5 23. Rc7 b5 24. Ne6 Rac8 25. Rec1 Nc4 26. Rxc8 Rxc8 27. b3 Nb6 28. Rc7 Bxe6 29. Bxb6 Bf5 30. a4 Rxc7 31. Bxc7 Bf8 32. axb5 axb5 33. Bf1 Be4 34. Bxb5 Bxd5 35. b4 Bb7 36. Bd7 Kf7 37. b5 d5 38. g4 Bc5 39. Kf1 Ke7 40. Bf5 h6 41. Ke2 Bd6 42. b6 Ba6+ 43. Kd2 Bc5 44. f3 Bb4+ 45. Kc2 Bd6 46. Bd3 Bb7 47. Bf5 Be5 48. Kd2 Bd6 49. Kc3 Be5+ 50. Kd3 Ba6+ 51. Ke3 Bb7 52. Kd2 Ba6 53. Kc2 Bb7 54. Kb3 Bd6 55. Ka4 Bc6+ 56. Ka5 Bb7 57. Kb5 d4 58. Kc4 Be5 59. Be4 Ba6+ 60. Kc5 d3 61. Bxe5 d2 62. Bd6+ 1-0

[Event "55th Rubinstein Memorial-A 2019"]
[Site "Polanica-Zdroj"]
[Date "2019.08.18"]
[Round "2.7"]
[White "Kopica, Paulina"]
[Black "Lewtak, Damian"]
[Result "0-1"]
[ECO "B40"]
[WhiteElo "1932"]
[BlackElo "2354"]
[Annotator "NA"]
[PlyCount "74"]
[EventDate "2019.08.17"]
[EventType "swiss"]
[EventCountry "POL"]
[SourceTitle "playchess.com"]
[Source "ChessBase"]
[SourceQuality "1"]
[TimeControl "40/5400+30:1800+30"]

1. e4 c5 2. Nf3 e6 3. c3 Nf6 4. Bd3 Nc6 5. Bc2 Qc7 6. d4 cxd4 7. cxd4 Nb4 8. Nc3 Nxc2+ 9. Qxc2 b5 10. a3 Bb7 11. e5 Ne4 12. Bd2 Nxc3 13. Bxc3 Be7 14. Qd3 $15 Qc6 15. O-O a5 16. Rfc1 Qd5 17. Qd2 Bd8 18. Ne1 Bb6 19. Rd1 O-O 20. Kh1 d6 21. f3 Rfd8 22. Nc2 Rac8 23. Ne3 Qb3 24. Qc2 Bd5 25. Qe2 Bb7 26. Qc2 Qxc2 27. Nxc2 Bd5 28. Re1 Bb3 29. Ne3 dxe5 30. dxe5 Rd3 31. Nf1 h5 32. h3 Rcd8 33. Kh2 h4 34. Re4 g5 35. Rg4 Rd1 36. Rxd1 Rxd1 37. Nd2 Bg1+ 0-1